 Dungeon Crawl Stone Soup version 0.29.1-13-g9f3cf754e1 (webtiles) character file.

Game seed: 15320766411943394080

606 wingedge the Distorting Palentonga (level 7, -2/55 HPs)
             Began as a Palentonga Abyssal Knight on Jan 26, 2023.
             Was a Believer of Lugonu.
             Slain by Pikel
             ... wielding a +2 whip of freezing
              (6 damage)
             ... on level 5 of the Dungeon on Jan 27, 2023.
             The game lasted 00:41:18 (5059 turns).

wingedge the Distorting Palentonga (PaAK)           Turns: 5059, Time: 00:41:19

Health: -2/55      AC: 12    Str: 18    XL:     7   Next: 19%
Magic:  11/11      EV:  9    Int: 12    God:    Lugonu [**....]
Gold:   216        SH:  0    Dex: 11    Spells: 10/10 levels left

rFire   . . .      SeeInvis +   t - +1 war axe
rCold   . . .      Faith    .   (no shield)
rNeg    . . .      Spirit   .   q - +0 leather armour
rPois   .          Reflect  .   (no helmet)
rElec   .          Harm     .   k - +0 cloak
rCorr   .          Rampage  .   (no gloves)
Will    .....                   (no barding)
Stlth   +.........              u - amulet of magic regeneration
HPRegen 0.18/turn               (no ring)
MPRegen 0.52/turn               (no ring)

@: curled up
A: large, rugged brown scales 3, see invisible, deformed body, roll 1, armoured
tail, reflexive curl
a: Rolling Charge, Renounce Religion, Depart the Abyss, Bend Space


You were on level 5 of the Dungeon.
You worshipped Lugonu.
Lugonu was pleased with you.
You visited 1 branch of the dungeon, and saw 5 of its levels.
You visited the Abyss 1 time.

You collected 216 gold pieces.

Inventory:

Hand Weapons
 a - a +0 mace
 b - a +0 antimagic flail
 c - a +1 hand axe
 t - a +1 war axe (weapon)
Missiles
 f - 5 poisoned darts
 s - 2 curare-tipped darts
Armour
 k - a +0 cloak (worn)
 q - a +0 leather armour (worn)
Jewellery
 u - an amulet of magic regeneration (around neck)
Scrolls
 l - a scroll of poison {unknown}
 m - a scroll of butterflies
 p - 2 scrolls of fear {unknown}
 r - 2 scrolls of vulnerability {unknown}
Potions
 g - a potion of mutation {unknown}
 h - a potion of might {unknown}
 i - 2 potions of berserk rage
 j - a potion of attraction {unknown}
 n - a potion of heal wounds {unknown}
 o - a potion of flight {unknown}
 v - 2 potions of ambrosia {unknown}


   Skills:
 - Level 3.0 Fighting
 + Level 4.6(4.7) Axes
 - Level 1.2(3.1) Maces & Flails
 - Level 1.5 Armour
 - Level 0.7 Dodging
 - Level 2.0 Spellcasting
 - Level 6.6 Invocations


You had 10 spell levels left.
You didn't know any spells.
Your spell library contained the following spells:

 Spells                   Type           Power      Damage    Failure   Level
 Summon Small Mammal      Summ           4%         N/A       32%         1
 Call Canine Familiar     Summ           1%         N/A       67%         3
 Dazzling Flash           Conj/Hex       2%         N/A       67%         3
 Summon Guardian Golem    Hex/Summ       1%         N/A       67%         3
 Iskenderun's Mystic Bla  Conj/Tloc      1%         2d3       97%         4
 Agony                    Necr           1%         N/A       100%        5
 Silence                  Hex/Air        0%         N/A       100%        5
 Starburst                Conj/Fire      0%         6d3       100%        6


Dungeon Overview and Level Annotations

Branches:
Dungeon (5/15)             Temple (0/1) D:4

Altars:
Cheibriados
Kikubaaqudgha
Uskayaw
Vehumet
Wu Jian

Annotations:
D:4 1 runed translucent door, Crazy Yiuf
D:5 1 runed translucent door, Pikel; Sanktem7's ghost, amateur MiFi


Innate Abilities, Weirdness & Mutations

You are completely covered in rugged brown scales. (AC +3, +7% HP)
You have supernaturally acute eyesight. (SInv)
Armour fits poorly on your strangely shaped body.
You can roll at nearby foes to attack.
You have a long armoured tail.
You curl defensively after being hit. (AC +7*)


Message History

You closely miss Pikel.
Your tail-slap misses Pikel.
Pikel is heavily wounded.
Pikel hits you with a +2 whip of freezing.
Pikel freezes you.
You barely miss Pikel.
Pikel is heavily wounded.
Pikel hits you with a +2 whip of freezing.
Pikel freezes you.
You hit Pikel. You tail-slap Pikel.
Pikel is severely wounded.
Pikel is no longer moving slowly.
Pikel hits you with a +2 whip of freezing!
* * * LOW HITPOINT WARNING * * *
Pikel freezes you.
* * * LOW HITPOINT WARNING * * *
As you read the scroll of butterflies, it crumbles to dust.
You hear the tinkle of a tiny bell.
Pikel barely misses you.
You swap places.
Pikel barely misses your butterfly.
You swap places.
Pikel says, "Antaeus said I was his favorite kobold.
Me!"
Pikel barely misses your butterfly. Pikel misses your butterfly.
Throw: 4 darts (curare)
Press: ? - help, Shift-Dir - straight line, f/p - Pikel
Aim: Pikel, wielding a +2 whip of freezing and wearing a +0 robe (severely wounded, poisoned, ally target, 47% to hit)
You throw a curare-tipped dart.
The curare-tipped dart closely misses Pikel.
Pikel looks more healthy.
The lemure hits your butterfly!
Your butterfly dies!
Your butterfly disappears in a burst of colours!
Throw: 3 darts (curare)
Press: ? - help, Shift-Dir - straight line, f/p - Pikel
Aim: Pikel, wielding a +2 whip of freezing and wearing a +0 robe (severely wounded, ally target, 47% to hit)
You throw a curare-tipped dart.
The curare-tipped dart completely misses Pikel.
As you read the scroll of butterflies, it crumbles to dust.
You hear the tinkle of a tiny bell.
The lemure misses your butterfly.
Pikel cracks his whip.
Pikel hits you with a +2 whip of freezing.
You die...

######## ######## #......#
#......#
#.####.#####....b.############
#.#...........#bbb.b.....K...#
#.#.##.#####.#bbbbb#####.#.#.#
#.#.##.# #.##b@b## ##.#..#
#.#.##.# #..bbKb# ##.#.##
.......## #####b## ##...##
.##.....# #5# ####.#.## .######.#
#5# #........ .# #.# ...
##.##...#. ## ##.# .....
#......##. ## ##..# .......
#...##.##.
.####...####.........###.....5##.


You could see Pikel (ally target) and 2 lemures.

Vanquished Creatures
  An ice beast (D:5)
  2 lemures (D:5)
  A jelly (D:5)
  A vampire bat (D:3)
  An orc priest (D:4)
  An orc wizard (D:5)
  3 adders
  A gnoll (D:3)
  2 ufetubi (D:4)
  A worm (D:2)
  7 dart slugs
  A fire bat (D:3)
  7 orcs
  2 spectral bats (D:3)
  3 bat skeletons (D:3)
  A bat zombie (D:3)
  4 endoplasms
  A giant cockroach (D:1)
  10 goblins
  4 hobgoblins
  4 jackals (D:1)
  5 kobolds
  3 quokkas
  8 ball pythons
  16 bats
  A bat simulacrum (D:3)
  2 frilled lizards (D:2)
  5 rats
98 creatures vanquished.

Notes
Turn   | Place    | Note
-------+----------+-------------------------------------------
     0 | Abyss:1  | wingedge the Palentonga Abyssal Knight began the quest for
                  | the Orb.
     0 | Abyss:1  | Reached XP level 1. HP: 19/19 MP: 2/2
     7 | D:1      | Escaped the Abyss
   215 | D:1      | Found a faded altar of an unknown god.
   396 | D:1      | Reached XP level 2. HP: 24/25 MP: 3/3
   618 | D:1      | Reached XP level 3. HP: 30/31 MP: 3/5
   790 | D:2      | Reached skill level 3 in Invocations
   791 | D:2      | Reached *** piety under Lugonu
  1085 | D:2      | Reached XP level 4. HP: 37/37 MP: 6/6
  1137 | D:2      | Reached skill level 4 in Invocations
  1662 | D:3      | Found a hide-covered altar of Uskayaw.
  1822 | D:3      | Reached skill level 5 in Invocations
  1849 | D:3      | Reached XP level 5. HP: 43/43 MP: 5/8
  1892 | D:3      | Reached skill level 1 in Spellcasting
  2344 | D:3      | Found an ornate altar of the Wu Jian Council.
  2673 | D:3      | HP: 2/42 [fire bat (1)]
  2984 | D:3      | Reached skill level 6 in Invocations
  2984 | D:3      | Reached XP level 6. HP: 50/50 MP: 10/10
  3173 | D:4      | Found a staircase to the Ecumenical Temple.
  3295 | D:4      | Reached skill level 1 in Maces & Flails
  3375 | D:4      | Found a snail-covered altar of Cheibriados.
  3518 | D:4      | Found an ancient bone altar of Kikubaaqudgha.
  3598 | D:4      | Found a runed translucent door.
  3599 | D:4      | Noticed Crazy Yiuf
  3729 | D:5      | Entered Level 5 of the Dungeon
  3898 | D:5      | Noticed Pikel
  4003 | D:5      | Noticed an ice beast
  4014 | D:5      | Killed an ice beast
  4210 | D:5      | Gained mutation: You curl defensively after being hit. (AC
                  | +7*) [Palentonga growth]
  4210 | D:5      | Reached XP level 7. HP: 48/55 MP: 11/11
  4491 | D:5      | Found a radiant altar of Vehumet.
  4559 | D:5      | Found a runed translucent door.
  4559 | D:5      | Noticed Sanktem7's ghost (amateur MiFi)
  5059 | D:5      | Slain by Pikel

Illustrated notes

Levels and vault maps discovered:
D:1:      matt_arrival_grand_opening, layout_loops_ring,
          hellmonk_ecumenical_altar_crossroads
D:2:      layout_basic
D:3:      layout_rooms, mainiacjoe_overflow_six_doors_small,
          nicolae_uskayaw_suspiria, goddamned_bats
D:4:      layout_basic, general_overflow_altar, mainiacjoe_overflow_catwalk,
          minmay_temple_entry_large_hall, uniq_crazy_yiuf_cottage
D:5:      lemuel_insect_pit, layout_loops_corners, mainiacjoe_overflow_brackets,
          gammafunk_ghost_grave, uniq_pikel

Skill      XL: |  1  2  3  4  5  6  7 |
---------------+----------------------+-----
Axes           | 3 4 |  4.6
Invocations    | 3 5 6 |  6.6
Spellcasting   | 2 |  2.0
Maces & Flails | 1 |  1.2
Fighting       | |  3.0
Armour         | |  1.5
Dodging        | |  0.7

Action                   |  1- 3 |  4- 6 |  7- 9 || total
-------------------------+-------+-------+-------++-------
Melee: Hand axe          |    79 |   116 |       ||   195
       Tailslap          |     8 |    13 |     5 ||    26
       War axe           |       |    16 |    50 ||    66
       Mace              |       |     5 |       ||     5
       Punch             |       |     1 |       ||     1
Throw: Dart              |       |     1 |     3 ||     4
Invok: Bend Space        |     1 |     4 |       ||     5
       Banish            |       |    13 |       ||    13
 Abil: Rolling Charge    |    35 |    38 |     4 ||    77
  Use: Potion            |       |     6 |     1 ||     7
       Scroll            |       |     4 |     4 ||     8
 Stab: Sleeping          |       |     2 |       ||     2
Armor: Leather armour    |    32 |   166 |     8 ||   206
       Skin              |       |     5 |    12 ||    17
Dodge: Dodged            |    31 |   191 |    17 ||   239
